EL
HARRISBURG SENATORS @ NEW HAMPSHIRE FISHER CATS
05/06/2099
 
TOP OF THE 1ST
Harrisburg Senators batting - Pitching for New Hampshire Fisher Cats : RHP Josue Toala
Pitching: RHP Josue Toala
Batting: RHB Justin Teufel 0-0: Ball
1-0: SINGLE (Line Drive, 8LS, EV 98.1 MPH)
Batting: RHB Joe Fishler 0-0: Ball
1-0: Foul Ball, location: 9LSF
1-1: Fly out, F7 (Flyball, 7D, EV 89.4 MPH)
Batting: LHB Gene Ratcliff 0-0: Foul Ball, location: 2F
0-1: Ball
1-1: SINGLE (Line Drive, 4D, EV 98.8 MPH)
Justin Teufel to second
Runner from 2nd tries for 3rd, SAFE, throw by RF made to third
Batting: RHB Clint Rosenberg 0-0: Ball
1-0: Ball
Wild Pitch!
Justin Teufel scores
Gene Ratcliff to second
2-0: Called Strike
2-1: Swinging Strike
2-2: Strikes out swinging
Batting: RHB Paul Bailey 0-0: Ground out 6-3 (Groundball, 56, EV 108.8 MPH)
Top of the 1st over - 1 run, 2 hits, 0 errors, 1 left on base; Harrisburg 1 - New Hampshire 0
BOTTOM OF THE 1ST
New Hampshire Fisher Cats batting - Pitching for Harrisburg Senators : RHP Mario Morales
Pitching: RHP Mario Morales
Batting: LHB Dan Richins 0-0: Ball
1-0: Swinging Strike
1-1: Ball
2-1: Called Strike
2-2: Ball
3-2: Foul Ball, location: 2F
3-2: Foul Ball, location: 2F
3-2: Foul Ball, location: 3FF
3-2: Base on Balls
Batting: LHB Dave Tolbert 0-0: Ball
1-0: Ball
2-0: Fly out, F8 (Flyball, 8LM, EV 84.4 MPH)
Batting: RHB Walt Baranyi 0-0: Called Strike
Dan Richins steals 2nd base
0-1: Ball
1-1: Ball
2-1: Ground out 5-3 (Groundball, 5L, EV 83.8 MPH)
Batting: SHB Jody Holman 0-0: Ball
1-0: Ball
2-0: Fly out, F3 (Popup, 3F, EV 60.6 MPH)
Bottom of the 1st over - 0 runs, 0 hits, 0 errors, 1 left on base; Harrisburg 1 - New Hampshire 0
TOP OF THE 2ND
Harrisburg Senators batting - Pitching for New Hampshire Fisher Cats : RHP Josue Toala
Batting: RHB Adam Johnson 0-0: Foul Ball, location: 5FF
0-1: Fly out, F9 (Flyball, 9D, EV 103.1 MPH)
Batting: RHB Ryan Benesh 0-0: Ball
1-0: Ball
2-0: Fly out, F9 (Flyball, 9S, EV 88.8 MPH)
Batting: LHB Juan Flores 0-0: Ball
1-0: Ball
2-0: Called Strike
2-1: Swinging Strike
2-2: Strikes out looking
Top of the 2nd over - 0 runs, 0 hits, 0 errors, 0 left on base; Harrisburg 1 - New Hampshire 0
BOTTOM OF THE 2ND
New Hampshire Fisher Cats batting - Pitching for Harrisburg Senators : RHP Mario Morales
Batting: RHB Pablo Pizarro 0-0: Ball
1-0: Called Strike
1-1: Ball
2-1: SINGLE (Groundball, 4M, EV 93.8 MPH) (infield hit)
Batting: RHB Matt Robertson 0-0: Called Strike
0-1: SINGLE (Line Drive, 7S, EV 98.1 MPH)
Pablo Pizarro to second
Batting: RHB Jose Grijalva 0-0: Ball
1-0: Called Strike
1-1: Sac Bunt to 23 - play at first, batter OUT! 3-4
Pablo Pizarro to third
Matt Robertson to second
Batting: RHB Adam Terlizzi 0-0: Ground out 6-3 (Groundball, 6M, EV 81.9 MPH)
Pablo Pizarro scores
Batting: RHB Paul Mulligan 0-0: Fly out, F9 (Flyball, 89M, EV 78.8 MPH)
Bottom of the 2nd over - 1 run, 2 hits, 0 errors, 1 left on base; Harrisburg 1 - New Hampshire 1
TOP OF THE 3RD
Harrisburg Senators batting - Pitching for New Hampshire Fisher Cats : RHP Josue Toala
Batting: RHB Montes Calosso 0-0: Called Strike
0-1: Ball
1-1: Ball
2-1: Ball
3-1: Base on Balls
Batting: RHB Justin Teufel 0-0: Ball
1-0: Swinging Strike
1-1: Ball
2-1: Foul Ball, location: 7LMFF
2-2: Ball
3-2: Base on Balls
Montes Calosso to second
Batting: RHB Joe Fishler 0-0: Called Strike
0-1: Ball
1-1: Swinging Strike
1-2: Fly out, F8 (Flyball, 8RXD, EV 97.5 MPH)
Runner from 2nd tags up, SAFE at 3rd, no throw by CF
Batting: LHB Gene Ratcliff 0-0: Ball
1-0: Called Strike
1-1: SINGLE (Flyball, 3D, EV 90.6 MPH)
Montes Calosso scores
Justin Teufel to second
Batting: RHB Clint Rosenberg 0-0: Called Strike
0-1: Ball
1-1: Foul Ball, location: 25F
1-2: Strikes out swinging
Batting: RHB Paul Bailey 0-0: Called Strike
0-1: Ball
1-1: Called Strike
1-2: Strikes out swinging
Top of the 3rd over - 1 run, 1 hit, 0 errors, 2 left on base; Harrisburg 2 - New Hampshire 1
BOTTOM OF THE 3RD
New Hampshire Fisher Cats batting - Pitching for Harrisburg Senators : RHP Mario Morales
Batting: LHB Dan Richins 0-0: Ball
1-0: Ball
2-0: Called Strike
2-1: Ball
3-1: Base on Balls
Batting: LHB Dave Tolbert 0-0: Fly out, F8 (Flyball, 8LS, EV 95.6 MPH)
Batting: RHB Walt Baranyi 0-0: Ball
1-0: Foul Ball, location: 3F
1-1: Ball
2-1: Foul Ball, location: 9LSF
2-2: Foul Ball, location: 2RF
2-2: SINGLE (Line Drive, 89S, EV 95.6 MPH)
Dan Richins to second
Batting: SHB Jody Holman 0-0: Swinging Strike
0-1: Foul Ball, location: 2RF
0-2: Foul Ball, location: 2F
0-2: Ball
1-2: Ball
2-2: Strikes out looking
Batting: RHB Pablo Pizarro 0-0: Ball
1-0: Ball
2-0: Fly out, F8 (Flyball, 78M, EV 80.0 MPH)
Bottom of the 3rd over - 0 runs, 1 hit, 0 errors, 2 left on base; Harrisburg 2 - New Hampshire 1
TOP OF THE 4TH
Harrisburg Senators batting - Pitching for New Hampshire Fisher Cats : RHP Josue Toala
Batting: RHB Adam Johnson 0-0: Foul Ball, location: 9LDF
0-1: Foul Ball, location: 5FF
0-2: Ball
1-2: Foul Ball, location: 3FF
1-2: Strikes out swinging
Batting: RHB Ryan Benesh 0-0: Called Strike
0-1: Swinging Strike
0-2: Ball
1-2: Strikes out swinging
Batting: LHB Juan Flores 0-0: Ball
1-0: Foul Ball, location: 5FF
1-1: Fly out, F8 (Flyball, 78S, EV 80.6 MPH)
Top of the 4th over - 0 runs, 0 hits, 0 errors, 0 left on base; Harrisburg 2 - New Hampshire 1
BOTTOM OF THE 4TH
New Hampshire Fisher Cats batting - Pitching for Harrisburg Senators : RHP Mario Morales
Batting: RHB Matt Robertson 0-0: Fly out, F4 (Popup, 4, EV 58.8 MPH)
Batting: RHB Jose Grijalva 0-0: Called Strike
0-1: Swinging Strike
0-2: Strikes out swinging
Batting: RHB Adam Terlizzi 0-0: Ball
1-0: Swinging Strike
1-1: Swinging Strike
1-2: Ball
2-2: Fly out, F7 (Flyball, 7D, EV 104.4 MPH)
Bottom of the 4th over - 0 runs, 0 hits, 0 errors, 0 left on base; Harrisburg 2 - New Hampshire 1
TOP OF THE 5TH
Harrisburg Senators batting - Pitching for New Hampshire Fisher Cats : RHP Josue Toala
Batting: RHB Montes Calosso 0-0: Ball
1-0: Ball
2-0: Called Strike
2-1: Ground out U3 (Groundball, 34S, EV 84.4 MPH)
Batting: RHB Justin Teufel 0-0: Foul Ball, location: 5F
0-1: Swinging Strike
0-2: Ball
1-2: Ground out 4-3 (Groundball, 4M, EV 104.4 MPH)
Batting: RHB Joe Fishler 0-0: Ball
1-0: Ball
2-0: Fly out, F9 (Flyball, 9D, EV 105.0 MPH)
Top of the 5th over - 0 runs, 0 hits, 0 errors, 0 left on base; Harrisburg 2 - New Hampshire 1
BOTTOM OF THE 5TH
New Hampshire Fisher Cats batting - Pitching for Harrisburg Senators : RHP Mario Morales
Batting: RHB Paul Mulligan 0-0: Called Strike
0-1: Swinging Strike
0-2: Strikes out looking
Batting: LHB Dan Richins 0-0: Called Strike
0-1: Ball
1-1: Ball
2-1: Ball
3-1: Fly out, F9 (Flyball, 9, EV 87.5 MPH)
Batting: LHB Dave Tolbert 0-0: Fly out, F9 (Flyball, 9, EV 91.9 MPH)
Bottom of the 5th over - 0 runs, 0 hits, 0 errors, 0 left on base; Harrisburg 2 - New Hampshire 1
TOP OF THE 6TH
Harrisburg Senators batting - Pitching for New Hampshire Fisher Cats : RHP Josue Toala
Batting: LHB Gene Ratcliff 0-0: Foul Ball, location: 7LSF
0-1: Called Strike
0-2: Ball
1-2: SINGLE (Line Drive, 6MD, EV 100.0 MPH)
Batting: RHB Clint Rosenberg 0-0: Ball
1-0: Called Strike
1-1: Foul Ball, location: 2F
1-2: Ball
2-2: Foul Ball, location: 5F
2-2: Ball
3-2: Fly out, F7 (Line Drive, 7S, EV 89.4 MPH)
Batting: RHB Paul Bailey 0-0: Called Strike
0-1: Foul Ball, location: 2F
0-2: Fly out, F8 (Flyball, 89D, EV 101.9 MPH)
Pitching: RHP Angel Hinojosa
Batting: RHB Adam Johnson 0-0: Ball
1-0: Fly out, F9 (Flyball, 89D, EV 96.9 MPH)
Top of the 6th over - 0 runs, 1 hit, 0 errors, 1 left on base; Harrisburg 2 - New Hampshire 1
BOTTOM OF THE 6TH
New Hampshire Fisher Cats batting - Pitching for Harrisburg Senators : RHP Mario Morales
Batting: RHB Walt Baranyi 0-0: Ball
1-0: Ball
2-0: Ball
3-0: Base on Balls
Batting: SHB Jody Holman 0-0: Ball
1-0: Fly out, F8 (Flyball, 8RM, EV 89.4 MPH)
Batting: RHB Pablo Pizarro 0-0: Ball
Walt Baranyi steals 2nd base
1-0: Foul Ball, location: 2F
1-1: Fly out, F2 (Popup, 23F, EV 89.4 MPH)
Batting: RHB Matt Robertson 0-0: Foul Ball, location: 2F
0-1: Ball
1-1: Foul Ball, location: 25F
1-2: Strikes out swinging
Bottom of the 6th over - 0 runs, 0 hits, 0 errors, 1 left on base; Harrisburg 2 - New Hampshire 1
TOP OF THE 7TH
Harrisburg Senators batting - Pitching for New Hampshire Fisher Cats : RHP Angel Hinojosa
Batting: RHB Ryan Benesh 0-0: Ball
1-0: Ground out 6-3 (Groundball, 6, EV 85.6 MPH)
Batting: LHB Juan Flores 0-0: Fly out, F7 (Flyball, 7LM, EV 109.4 MPH)
Batting: RHB Montes Calosso 0-0: Called Strike
0-1: Called Strike
0-2: Foul Ball, location: 2F
0-2: Ball
1-2: Strikes out swinging
Top of the 7th over - 0 runs, 0 hits, 0 errors, 0 left on base; Harrisburg 2 - New Hampshire 1
BOTTOM OF THE 7TH
New Hampshire Fisher Cats batting - Pitching for Harrisburg Senators : RHP Mario Morales
Pinch Hitting: RHB Julio Correa 0-0: Ground out 6-3 (Groundball, 56D, EV 96.3 MPH)
Batting: RHB Adam Terlizzi 0-0: Ball
1-0: Ball
2-0: Called Strike
2-1: Ball
3-1: Foul Ball, location: 3DF
3-2: Ground out 6-3 (Groundball, 6MD, EV 108.8 MPH)
Pitching: RHP Jeremiah Crawford
Batting: RHB Paul Mulligan 0-0: Swinging Strike
0-1: Fly out, F9 (Flyball, 89S, EV 90.6 MPH)
Bottom of the 7th over - 0 runs, 0 hits, 0 errors, 0 left on base; Harrisburg 2 - New Hampshire 1
TOP OF THE 8TH
Harrisburg Senators batting - Pitching for New Hampshire Fisher Cats : RHP Angel Hinojosa
DELAY Rain delay of 15 minutes in the 8th inning.
Now at 2B: Julio Correa
Now at 3B: Dave Tolbert
Now at SS: Walt Baranyi
Batting: RHB Justin Teufel 0-0: Ball
1-0: Ground out 6-3 (Groundball, 56, EV 84.4 MPH)
Batting: RHB Joe Fishler 0-0: Foul Ball, location: 2F
0-1: Foul Ball, location: 23F
0-2: Strikes out looking
Batting: LHB Gene Ratcliff 0-0: Swinging Strike
0-1: Foul Ball, location: 3FF
0-2: Ball
1-2: Foul Ball, location: 2F
1-2: Ball
2-2: SINGLE (Line Drive, 9LS, EV 99.4 MPH)
Batting: RHB Clint Rosenberg 0-0: Ball
1-0: Called Strike
Gene Ratcliff steals 2nd base
1-1: Ball
2-1: Foul Ball, location: 5FF
2-2: Ball
3-2: Fly out, F8 (Flyball, 8LXD, EV 94.4 MPH)
Top of the 8th over - 0 runs, 1 hit, 0 errors, 1 left on base; Harrisburg 2 - New Hampshire 1
BOTTOM OF THE 8TH
New Hampshire Fisher Cats batting - Pitching for Harrisburg Senators : RHP Jeremiah Crawford
Pitching: LHP Jesus Chavez
Batting: RHB Dave Mayorga 0-0: Called Strike
0-1: Ball
1-1: Foul Ball, location: 2F
1-2: Ball
2-2: Ground out 5-3 (Groundball, 56, EV 65.6 MPH)
Pinch Hitting: SHB Jasper Raucci 0-0: Ground out 6-3 (Groundball, 6, EV 101.9 MPH)
Batting: RHB Walt Baranyi 0-0: Called Strike
0-1: Ball
1-1: Ball
2-1: Ground out 6-3 (Groundball, 56S, EV 90.0 MPH)
Bottom of the 8th over - 0 runs, 0 hits, 0 errors, 0 left on base; Harrisburg 2 - New Hampshire 1
TOP OF THE 9TH
Harrisburg Senators batting - Pitching for New Hampshire Fisher Cats : RHP Angel Hinojosa
Now at 3B: Mario Mendez
Batting: RHB Paul Bailey 0-0: Foul Ball, location: 5FF
0-1: Ball
1-1: Swinging Strike
1-2: Ball
2-2: Foul Ball, location: 3DF
2-2: Ball
3-2: Base on Balls
Batting: RHB Adam Johnson 0-0: Called Strike
0-1: Called Strike
0-2: Foul Ball, location: 2F
0-2: Ball
1-2: Ball
2-2: Strikes out swinging
Batting: RHB Ryan Benesh 0-0: Swinging Strike
0-1: Swinging Strike
0-2: Ball
1-2: Strikes out looking
Pitching: LHP Chris Hankerson
Batting: LHB Juan Flores 0-0: SINGLE (Groundball, 34D, EV 99.4 MPH)
Paul Bailey to second
Runner from 2nd tries for 3rd, SAFE, no throw by RF
Pitching: RHP Ruben Ruiz
Batting: RHB Montes Calosso 0-0: Called Strike
0-1: Ball
1-1: Foul Ball, location: 2F
1-2: Ground out 4-3 (Groundball, 4, EV 108.1 MPH)
Top of the 9th over - 0 runs, 1 hit, 0 errors, 2 left on base; Harrisburg 2 - New Hampshire 1
BOTTOM OF THE 9TH
New Hampshire Fisher Cats batting - Pitching for Harrisburg Senators : LHP Jesus Chavez
Batting: SHB Jody Holman 0-0: Ball
1-0: Ball
2-0: SINGLE (Line Drive, 8LS, EV 91.9 MPH)
Batting: RHB Pablo Pizarro 0-0: Fly out, F8 (Flyball, 8RD, EV 102.5 MPH)
Batting: RHB Matt Robertson 0-0: Ball
1-0: Foul Ball, location: 2RF
1-1: SINGLE (Line Drive, 9S, EV 109.4 MPH)
Jody Holman to second
Batting: RHB Julio Correa 0-0: Fielders Choice at 2nd, 4-6 (Groundball, 34, EV 83.1 MPH)
Jody Holman to third
Batting: RHB Adam Terlizzi 0-0: Fly out, F7 (Flyball, 78S, EV 91.3 MPH)
Bottom of the 9th over - 0 runs, 2 hits, 0 errors, 2 left on base; Harrisburg 2 - New Hampshire 1
Sunday, May 5th , 2024 - OOTP Baseball 24.11 Build 85